 Dungeon Crawl Stone Soup version 0.31-a0-1074-g0b22e4e0f1 (webtiles) character file.

Game seed: 4186835873291481174

139 Gelion the Ruffian (level 5, -3/35 HPs)
             Began as an Octopode Shapeshifter on Dec 7, 2023.
             Killed from afar by Dowan (11 damage)
             ... with a puff of flame
             ... on level 4 of the Dungeon.
             The game lasted 00:03:27 (2582 turns).

Gelion the Ruffian (Octopode Shapeshifter)          Turns: 2582, Time: 00:03:27

Health: -3/35      AC:  1    Str: 14    XL:     5   Next: 22%
Magic:  5/5        EV: 13    Int: 12    God:
Gold:   203        SH:  0    Dex: 13    Spells: 4/4 levels left

rFire   . .          .
                       - Unarmed
rCold   . . .        (no shield)
rNeg    . . .        (helmet currently unavailable)
rPois   .            (no amulet)
rElec   .            (no ring)
rCorr   .            (no ring)
SInv    .            (no ring)
Will    .....        (no ring)
Stlth   ++           (no ring)
HPRegen 0.25/turn    (no ring)
MPRegen 0.09/turn    (no ring)
                     (no ring)

%: no passive effects
@: beast-form
A: beast (slay +2), almost no armour, amphibious, 8 rings, camouflage 1,
gelatinous body 1, (nimble swimmer 1), tentacles
a: Begin Untransformation


You were on level 4 of the Dungeon.
You were a hulking beast.
You visited 1 branch of the dungeon, and saw 4 of its levels.

You collected 203 gold pieces.

Inventory:

Jewellery
 f - an amulet of guardian spirit
Talismans
 b - a beast talisman
 c - a flux talisman
Scrolls
 i - a scroll of vulnerability
 m - a scroll of amnesia
Potions
 a - a potion of lignification
 d - a potion of invisibility {unknown}
 e - 2 potions of cancellation {unknown}
 g - 3 potions of curing {unknown}
 h - 2 potions of heal wounds
 l - 2 potions of degeneration {unknown}
 p - a potion of haste {unknown}
 q - a potion of attraction {unknown}


   Skills:
 + Level 2.4 Fighting
 - Level 2.0 Dodging
 * Level 4.6 Unarmed Combat
 + Level 3.6 Shapeshifting


You had 4 spell levels left.
You didn't know any spells.
Your spell library contained the following spells:

 Spells                   Type           Power      Damage    Failure   Level
 Cigotuvi's Dreadful Rot  Necr/Pois/Air  0%         N/A       45%         2
 Ignite Poison            Fire/Tmut/Pois 0%         N/A       69%         3
 Freezing Cloud           Conj/Ice/Air   0%         6-21      100%        5


Dungeon Overview and Level Annotations

Branches:
Dungeon (4/15)
 Temple: D:4-7

Altars:
Makhleb
Ru

Shops:
D:1 (

Annotations:
D:3 2 runed translucent doors, kd29's ghost, amateur TrSh
D:4 Dowan; Duvessa


Innate Abilities, Weirdness & Mutations

You are a hulking beast.
Your limbs bulge with bestial killing power. (Slay +2)
You cannot wear most types of armour.
You are amphibious.
You can wear up to eight rings at the same time.
Your skin changes colour to match your surroundings (Stealth+).
Your rubbery body absorbs attacks. (AC +1, EV +1)
((You are camouflaged when in or above water. (Stealth+)))
You have tentacles for arms and can constrict up to eight enemies at once.


Message History

p - a bubbling black potion
q - a yellow potion
Found a stone staircase leading up.
You enter the shallow water.
You enter the shallow water.
There is a stone staircase leading down here.
There is a stone staircase leading up here.
There is a faded altar of an unknown god here.
Kd29's ghost turns its malevolent gaze towards you.
Could not explore, unopened runed door.
As you read the scroll labelled CACHAG XOEM, it crumbles to dust.
You feel aware of your surroundings.
It was a scroll of revelation.
As you read the scroll labelled OGANKE USONG, it crumbles to dust.
It is a scroll of brand weapon.
You aren't carrying any weapons that can be branded.
As you read the scroll labelled OZUOKL NESCHU, it crumbles to dust.
It is a scroll of amnesia.
You feel forgetful for a moment.
As you read the scroll labelled SIMAOX ONALE, it dissolves into smoke.
It was a scroll of fog.
As you read the scroll labelled HISENI ZUZITOE, it crumbles to dust.
You feel strangely unstable.
It was a scroll of teleportation.
Done exploring.
Your surroundings suddenly seem different.
Done exploring.
There is a stone staircase leading down here.
You climb downwards.
Found a silver ring and 11 gold pieces.
Found a stone staircase leading up.
There is a stone staircase leading up here.
There are monsters nearby!
Dowan shouts!
Dowan casts a spell at you. The puff of frost hits you!
Duvessa shouts!
Dowan misses you.
Duvessa zaps a wand.
The puff of flame hits you! Duvessa attacks as she pursues you!
Duvessa hits you with a +0 rapier!
* * * LOW HITPOINT WARNING * * *
Dowan casts a spell at you. The puff of flame hits you!
You die...

..........J#
....<......#
..........#
.........# .
##.......#
..#........
.........####
..#....<....#
.......h....#
=.#.........#
.......ee...#
.#..........#
#......$....#
..#...#######
######


You could see Duvessa and Dowan.

Vanquished Creatures
  Jessica (D:3)
  Robin (D:3)
  3 adders (D:3)
  4 orcs (D:3)
  3 endoplasms (D:1)
  5 giant cockroaches
  16 goblins
  2 hobgoblins
  2 jackals (D:2)
  3 quokkas
  6 ball pythons
  7 bats
  6 frilled lizards
  8 kobolds
  4 rats
71 creatures vanquished.

Notes
Turn   | Place    | Note
-------+----------+-------------------------------------------
     0 | D:1      | Gelion the Octopode Shapeshifter began the quest for the
                  | Orb.
     0 | D:1      | Reached XP level 1. HP: 13/13 MP: 1/1
    64 | D:1      | Found Faghuurph's Antique Weapon Boutique.
   113 | D:1      | Reached XP level 2. HP: 14/18 MP: 2/2
   421 | D:1      | Reached XP level 3. HP: 22/23 MP: 3/3
  1217 | D:2      | Found a burning altar of Makhleb.
  1565 | D:3      | Found a sacrificial altar of Ru.
  1565 | D:3      | Noticed Robin
  1578 | D:3      | Reached skill level 4 in Unarmed Combat
  1580 | D:3      | Killed Robin
  1581 | D:3      | Reached XP level 4. HP: 14/29 MP: 4/4
  2121 | D:3      | Found a faded altar of an unknown god.
  2139 | D:3      | Found a large runed translucent door.
  2139 | D:3      | Found a large runed translucent door.
  2141 | D:3      | Noticed kd29's ghost (amateur TrSh)
  2204 | D:3      | Noticed Jessica
  2212 | D:3      | Killed Jessica
  2213 | D:3      | Reached XP level 5. HP: 35/35 MP: 5/5
  2577 | D:4      | Noticed Duvessa
  2577 | D:4      | Noticed Dowan
  2582 | D:4      | Killed from afar by Dowan

Illustrated notes

Levels and vault maps discovered:
D:1:      dpeg_arrival_castle, layout_rooms, serial_shops, shop_statue,
          st_stairs_3
D:2:      cheibrodos_old_hovel, layout_loops_corners, basic_altar,
          wad_floor_pattern_1, kennysheep_cross_room
D:3:      layout_basic, nicolae_ru_awakened_eye, ebering_ecumenical_altar_hall,
          ebering_ghost_disaster_area, uniq_robin, uniq_jessica
D:4:      layout_rooms, mainiacjoe_overflow_24_doors,
          hellmonk_okawaru_the_only_friend_you_need, kennysheep_mini_moat,
          uniq_grinder, uniq_duvessa, uniq_menkaure

Skill      XL: |  1  2  3 |
---------------+----------+-----
Unarmed Combat | 4 |  4.6
Fighting       | 2 |  2.4
Dodging        | |  2.0
Shapeshifting  | |  3.6

Action                     |  1- 3 |  4- 6 || total
---------------------------+-------+-------++-------
  Melee: Unarmed           |    92 |    36 ||   128
         Constrict         |    23 |    13 ||    36
         Tentacles         |    13 |     5 ||    18
         Punch             |       |     2 ||     2
    Use: Scroll            |     3 |     5 ||     8
   Stab: Sleeping          |    10 |     3 ||    13
 Armour: Skin              |    33 |    14 ||    47
  Dodge: Dodged            |    47 |    19 ||    66

Table legend: (Time is in decaauts)
 A = Elapsed time spent in this place.
 B = Non-inter-level travel time spent in this place.
 C = Inter-level travel time spent in this place.
 D = Time resting spent in this place.
 E = Time spent auto-exploring this place.
 F = Levels seen in this place.
 G = Mean time per level.
                   A        B        C        D        E       F      G
               +--------+--------+--------+--------+--------+-----+--------+
         Total |   2572 |   2513 |     59 |      0 |   2127 |   4 |  643.0 |
       Dungeon |   2572 |   2513 |     59 |      0 |   2127 |   4 |  643.0 |
               +--------+--------+--------+--------+--------+-----+--------+

Top non-repeatable levels by time:
     D:3: 1142 daAuts
     D:2: 832 daAuts
     D:1: 593 daAuts
     D:4: 4 daAuts
